AoeStats
← Tand00riKnight

Arena

510151678Analyzed
1v1 RM · 3d ago on Sep 29, 2026· 48m 10s· 2 players
Game mode
Random Map
Map size
Tiny (2 player)
Population
200
Speed
Normal
Resources
Standard
Victory
Conquest
Starting age
Dark Age
Ending age
Imperial Age
RankedLock teamsTeams togetherTeam positionsShared explorationLock speedFull tech treeHidden civsTurbo modeCheats
Victory
Defeat
🇨🇳 Armenians · China
973
+18
🇮🇳 Dravidians · India
1006
-18
Tand00riKnight
11:15 Feudal Age
15:13 Castle Age
13:26 Double-Bit Axe
13:47 Horse Collar
16:54 Forging
17:00 Bow Saw
20:27 Scale Mail Armor
23:47 Forging
26:04 Wheelbarrow
25:34 Heavy Plow
27:45 Hand Cart
31:30 Loom
34:20 Imperial Age
33:10 Fletching
33:21 Padded Archer Armor
34:22 Bodkin Arrow
35:05 Ballistics
35:12 Thumb Ring
37:52 Chemistry
37:45 Leather Archer Armor
36:53 Elite Skirmisher
38:32 Bracer
39:10 Ring Archer Armor
39:11 Conscription
38:47 Gold Mining
39:37 Scale Barding Armor
39:25 Elite Elephant Archer
40:23 Medical Corps
42:26 Stone Mining
42:50 Squires
42:24 Pikeman
45:37 Wootz Steel
流弊老师
10:48 Feudal Age
15:07 Castle Age
13:49 Double-Bit Axe
13:58 Stone Mining
13:52 Horse Collar
30:02 Loom
30:52 Wheelbarrow
30:03 Town Watch
34:28 Imperial Age
33:46 Bow Saw
33:30 Gold Mining
33:57 Hand Cart
33:43 Town Patrol
34:23 Forging
34:30 Man-at-Arms
34:32 Pikeman
34:59 Gambesons
35:38 Scale Mail Armor
36:11 Conscription
35:17 Long Swordsman
35:59 Squires
35:46 Arson
35:59 Two-Handed Swordsman
37:20 Iron Casting
37:00 Chain Mail Armor
37:20 Champion
37:30 Capped Ram
39:08 Gold Shaft Mining
38:58 Heavy Plow
40:15 Fereters
41:12 Blast Furnace
40:42 Plate Mail Armor
40:03 Fletching
40:28 Siege Ram
40:48 Halberdier
45:35 Bodkin Arrow
46:04 Ballistics
46:44 Chemistry
45:58 Elite Skirmisher
47:09 Bracer
Connection lost

Rejoining the realm…

Still unreachable

The connection could not be restored.

Session expired

The server has moved on; the page needs a fresh start.